Pick #1

Connor Bedard
Pick #2

Leo Carlsson
Pick #3

Adam Fantilli
Pick #4

Matvei Michkov
Pick #5

David Reinbacher
Pick #6

William Smith
Pick #7

Zachary Benson
Pick #8

Ryan Leonard
Pick #9

Gabriel Perreault
Pick #10

Axel Sandin-Pellika
Pick #11

Daniil But
Pick #12

Dalibor Dvorsky
Pick #13

Quentin Musty
Pick #14

Brayden Yager
Pick #15

Dmitry Simashev
Pick #16

Colby Barlow
Pick #17

Andrew Cristall
Pick #18

Easton Cowan
Pick #19

Jacob Fowler
Pick #20

Oliver Moore
Pick #21

Oliver Bonk
Pick #22

Tom Willander
Pick #23

Calum Ritchie
Pick #24

Tanner Molendyk
Pick #25

Gavin Brindley
Pick #26

Nate Danielson
Pick #27

Pick #28

Pick #29

Pick #30

Pick #31

Pick #32

Pick #33

Pick #34

Pick #35

Pick #36

Pick #37

Pick #38

Pick #39

Pick #40

Pick #41

Pick #42

Pick #43

Pick #44

Pick #45

Pick #46

Pick #47

Pick #48

Pick #49

Pick #50

Pick #51

Pick #52

Pick #53

Pick #54

Pick #55

Pick #56

Pick #57

Pick #58

Pick #59

Pick #60

Pick #61

Pick #62

Pick #63

Pick #64

Pick #65

Pick #66

Pick #67

Pick #68

Pick #69

Pick #70

Pick #71

Pick #72

Pick #73

Pick #74

Pick #75

Pick #76

Pick #77

Pick #78

Pick #79

Pick #80

Pick #81

Pick #82

Pick #83

Pick #84

Pick #85

Pick #86

Pick #87

Pick #88

Pick #89

Pick #90

Pick #91

Pick #92

Pick #93

Pick #94

Pick #95

Pick #96

Pick #97

Pick #98

Pick #99

Pick #100

Pick #101

Pick #102

Pick #103

Pick #104

Pick #105

Pick #106

Pick #107

Pick #108

Pick #109

Pick #110

Pick #111

Pick #112

Pick #113

Pick #114

Pick #115

Pick #116

Pick #117

Pick #118

Pick #119

Pick #120

Pick #121

Pick #122

Pick #123

Pick #124

Pick #125

Pick #126

Pick #127

Pick #128

Pick #129

Pick #130

Full Scoreboard »»

Capitals vs Flyers

Created - April 3, 2024 at 09:41

Goals
1 2 3 OT1 SO T
Capitals 0 1 1 0 0 2
Flyers 1 1 0 0 1 3
Shots
1 2 3 OT1 SO T
Capitals 12 7 7 3 3 29
Flyers 13 11 12 2 2 38

GoalsPenalties
1st period
1. Flyers , William Nylander 25 (Mika Zibanejad 25) at 11:47
2nd period
2. Capitals , Elias Pettersson 23 (Kaapo Kakko 24) at 4:52
3. Flyers , Jared McCann 19 (Victor Hedman 33, Alex Pietrangelo 27) at 7:59
Christian Fischer (WSH) for Cross-checking (Minor) at 16:18
3rd period
4. Capitals , Elias Pettersson 24 (Kaapo Kakko 25, Cody Ceci 27) at 19:43
Michael Rasmussen (WSH) for Close Hand On Puck (Minor) at 6:13
William Nylander (PHI) for Holding Stick (Minor) at 8:53
Overtime #1
No Goal
Shootout
Capitals, Elias Pettersson - Stopped by Sergei Bobrovsky
Flyers, Johnny Gaudreau - Goal!
Capitals, Pavel Zacha - Stopped by Sergei Bobrovsky
Flyers, Mika Zibanejad - Stopped by Pyotr Kochetkov
Capitals, Michael Rasmussen - Stopped by Sergei Bobrovsky
Goalie Stats
Pyotr Kochetkov (WSH), 36 saves from 38 shots - (0.947), OTL, 12-26-6, 64:40 minutes
Sergei Bobrovsky (PHI), 27 saves from 29 shots - (0.931), W, 3-6-3, 65:00 minutes
3 StarsOfficial
1 - Elias Pettersson (WSH)
2 - Pyotr Kochetkov (WSH)
3 - Jared McCann (PHI)
Referees : Kyle Rehman and Pierre Lambert
Linesman : Justin Cornell and Brandon Gawryletz
Game Note
Victor Hedman is injured at 19:17 of 3rd period (Sports Hernia)
Finance
Level 1 -- Attendance: 6500 (100.00%) -- Ticket Income $682,500
Level 2 -- Attendance: 5000 (100.00%) -- Ticket Income $375,000
Level 3 -- Attendance: 3273 (93.51%) -- Ticket Income $180,015
Level 4 -- Attendance: 1565 (100.00%) -- Ticket Income $62,600
Luxury Box -- Attendance: 1000 (100.00%) -- Ticket Income $199,000
Game was played at the Wells Fargo Center.
Total Attendance: 17338 (98.71%)
Total Ticket Income: $1,499,115
Other Income: $374,779
Total Income: $1,873,894



Team Name Goals Shots Shots Attemp Shots Blocked PIM HIT PP PK FO%
Capitals 22958114270 / 1 (0%)046%
Flyers 3388392200 / 2 (0%)054%

Capitals
Player Name POS G A P +/- PIM HIT SHT SB MP PP MP PP SHT PK MP PK SHT FO% FOT
Alex NylanderLW000-100205:580:0000:2000% 1
Ben HuttonD0000030015:390:0000:0000% 0
Brad HuntD000-1010220:250:3702:0400% 0
Calen AddisonD0000010115:390:0000:0000% 0
Christian FischerRW0000200011:500:0000:0000% 3
Cody CeciD0111020226:201:2201:5400% 0
David KampfC000-100108:421:2201:00057% 7
Elias PetterssonC2021026125:501:2202:35045% 31
Jonas SiegenthalerD000-1032319:380:3702:0400% 0
Jordan GreenwayLW0000033018:510:3700:5700% 1
Kaapo KakkoRW0221001024:281:2202:0700% 1
Kevin LabancRW0000021017:540:3700:0000% 0
Michael RasmussenC0000243013:320:0000:00069% 13
Morgan FrostC0001002019:170:0000:0000% 1
Noah DobsonD0001012227:191:2211:5400% 0
Pavel ZachaC0000002021:270:3700:57040% 25
Quinton ByfieldC0000044012:330:0000:000100% 2
Tyler JohnsonC000-101005:380:0000:0000% 0
Flyers
Player Name POS G A P +/- PIM HIT SHT SB MP PP MP PP SHT PK MP PK SHT FO% FOT
Aaron EkbladD0001021123:091:4000:4700% 0
Alex PietrangeloD0110043526:431:4001:1200% 0
Brandon TanevLW000-2042013:570:0001:300100% 2
Calle JarnkrokC000-1004011:020:0000:00043% 14
Chris TanevD000-2000014:040:0000:0000% 0
Dante FabbroD000-1001013:380:0000:0000% 0
Eetu LuostarinenC000000206:320:0000:29017% 6
Eric StaalC000-100108:060:0001:300100% 3
Jake DeBruskLW0001010019:041:4000:0000% 2
Jared McCannLW1011004021:052:1800:00050% 4
Joel FarabeeLW000-1001012:421:4000:00067% 3
Johnny GaudreauLW0001015122:422:1800:0000% 1
Mika ZibanejadC0110005025:062:1800:29060% 30
Robert ThomasC0001011019:561:4000:00061% 18
Sam LaffertyC000001006:030:0000:000100% 1
Victor HedmanD0111021123:431:5101:1200% 0
Vince DunnD0001041121:250:2700:4700% 0
William NylanderRW1011206024:032:1810:0000% 1



Play-by-Play

1st period


0:01 of 1st period - Elias Pettersson wins face-off versus Mika Zibanejad in neutral zone.
0:06 of 1st period - Icing by Victor Hedman.
0:07 of 1st period - Mika Zibanejad wins face-off versus Pavel Zacha in Flyers zone.
0:07 of 1st period - Mika Zibanejad is hit by Jordan Greenway.
0:13 of 1st period - Shot by William Nylander.
0:13 of 1st period - Shot Misses the Net.
0:18 of 1st period - Brad Hunt is hit by Victor Hedman and loses puck.
0:45 of 1st period - Shot by Pavel Zacha.
0:45 of 1st period - Shot Misses the Net.
0:47 of 1st period - Shot by Jonas Siegenthaler.
0:47 of 1st period - Stopped by Sergei Bobrovsky without a rebound.
0:48 of 1st period - Elias Pettersson wins face-off versus Robert Thomas in Flyers zone.
0:55 of 1st period - Shot by Noah Dobson.
0:55 of 1st period - Shot Misses the Net.
1:03 of 1st period - Shot by Noah Dobson.
1:03 of 1st period - Shot Misses the Net.
1:05 of 1st period - Shot by Noah Dobson.
1:05 of 1st period - Stopped by Sergei Bobrovsky without a rebound.
1:06 of 1st period - Brandon Tanev wins face-off versus Christian Fischer in Flyers zone.
1:12 of 1st period - Chris Tanev is hit by Ben Hutton and loses puck.
1:17 of 1st period - Shot by Brandon Tanev.
1:17 of 1st period - Shot Misses the Net.
1:19 of 1st period - Shot by Calle Jarnkrok.
1:19 of 1st period - Stopped by Pyotr Kochetkov without a rebound.
1:20 of 1st period - Robert Thomas wins face-off versus David Kampf in Capitals zone.
1:26 of 1st period - Icing by Cody Ceci.
1:27 of 1st period - David Kampf wins face-off versus Eetu Luostarinen in Capitals zone.
1:44 of 1st period - Shot by Alex Nylander.
1:44 of 1st period - Shot Blocked by Aaron Ekblad.
1:46 of 1st period - Shot by David Kampf.
1:46 of 1st period - Deflect By Alex Nylander.
1:46 of 1st period - Stopped by Sergei Bobrovsky without a rebound.
1:47 of 1st period - Robert Thomas wins face-off versus Elias Pettersson in Flyers zone.
1:58 of 1st period - Shot by Dante Fabbro.
1:58 of 1st period - Deflect By Jared McCann.
1:58 of 1st period - Shot Misses the Net.
2:58 of 1st period - Shot by Michael Rasmussen.
2:58 of 1st period - Shot Misses the Net.
3:14 of 1st period - Shot by Quinton Byfield.
3:14 of 1st period - Stopped by Sergei Bobrovsky without a rebound.
3:15 of 1st period - Mika Zibanejad wins face-off versus Pavel Zacha in Flyers zone.
3:19 of 1st period - Victor Hedman is hit by Jonas Siegenthaler and loses puck.
3:29 of 1st period - Johnny Gaudreau is hit by Jonas Siegenthaler and loses puck.
4:39 of 1st period - Joel Farabee is hit by Ben Hutton and loses puck.
5:32 of 1st period - Sam Lafferty is hit by Michael Rasmussen and loses puck.
5:56 of 1st period - Michael Rasmussen is hit by Victor Hedman and loses puck.
6:32 of 1st period - Shot by Pavel Zacha.
6:32 of 1st period - Shot Blocked by Victor Hedman.
6:34 of 1st period - Shot by Kevin Labanc.
6:34 of 1st period - Stopped by Sergei Bobrovsky without a rebound.
6:35 of 1st period - Mika Zibanejad wins face-off versus David Kampf in Flyers zone.
7:04 of 1st period - Shot by Mika Zibanejad.
7:04 of 1st period - Shot Blocked by Jonas Siegenthaler.
7:06 of 1st period - Shot by Johnny Gaudreau.
7:06 of 1st period - Shot Blocked by Jonas Siegenthaler.
7:14 of 1st period - Shot by Mika Zibanejad.
7:14 of 1st period - Shot Misses the Net.
7:19 of 1st period - Jonas Siegenthaler is hit by Vince Dunn and loses puck.
7:30 of 1st period - Shot by Jordan Greenway.
7:30 of 1st period - Stopped by Sergei Bobrovsky without a rebound.
7:31 of 1st period - Calle Jarnkrok wins face-off versus Elias Pettersson in Flyers zone.
7:31 of 1st period - Calle Jarnkrok is hit by Elias Pettersson.
7:41 of 1st period - Shot by Elias Pettersson.
7:41 of 1st period - Shot Misses the Net.
7:49 of 1st period - Shot by Brandon Tanev.
7:49 of 1st period - Shot Misses the Net.
7:51 of 1st period - Shot by Brandon Tanev.
7:51 of 1st period - Shot Blocked by Noah Dobson.
7:53 of 1st period - Shot by Joel Farabee.
7:53 of 1st period - Stopped by Pyotr Kochetkov with a rebound.
7:55 of 1st period - Shot by Calle Jarnkrok.
7:55 of 1st period - Stopped by Pyotr Kochetkov with a rebound.
7:57 of 1st period - Shot by Calle Jarnkrok.
7:57 of 1st period - Shot Misses the Net.
8:01 of 1st period - Shot by Brandon Tanev.
8:01 of 1st period - Stopped by Pyotr Kochetkov without a rebound.
8:02 of 1st period - Robert Thomas wins face-off versus Pavel Zacha in Capitals zone.
8:29 of 1st period - Kevin Labanc is hit by Alex Pietrangelo and loses puck.
8:34 of 1st period - Shot by Pavel Zacha.
8:34 of 1st period - Shot Misses the Net.
8:38 of 1st period - Shot by Kevin Labanc.
8:38 of 1st period - Shot Blocked by Alex Pietrangelo.
8:40 of 1st period - Shot by Kevin Labanc.
8:40 of 1st period - Deflect By Jordan Greenway.
8:40 of 1st period - Stopped by Sergei Bobrovsky without a rebound.
8:41 of 1st period - Mika Zibanejad wins face-off versus Morgan Frost in Flyers zone.
8:48 of 1st period - Shot by Elias Pettersson.
8:48 of 1st period - Shot Misses the Net.
8:50 of 1st period - Shot by Morgan Frost.
8:50 of 1st period - Stopped by Sergei Bobrovsky without a rebound.
8:51 of 1st period - Michael Rasmussen wins face-off versus Mika Zibanejad in Flyers zone.
9:16 of 1st period - Aaron Ekblad is hit by Michael Rasmussen and loses puck.
9:23 of 1st period - Shot by Mika Zibanejad.
9:23 of 1st period - Stopped by Pyotr Kochetkov without a rebound.
9:24 of 1st period - Joel Farabee wins face-off versus Elias Pettersson in Capitals zone.
9:37 of 1st period - Shot by Elias Pettersson.
9:37 of 1st period - Stopped by Sergei Bobrovsky without a rebound.
9:38 of 1st period - Pavel Zacha wins face-off versus Robert Thomas in Flyers zone.
9:55 of 1st period - Jordan Greenway is hit by Robert Thomas and loses puck.
10:43 of 1st period - Icing by Ben Hutton.
10:44 of 1st period - Joel Farabee wins face-off versus Pavel Zacha in Capitals zone.
10:47 of 1st period - Shot by Brandon Tanev.
10:47 of 1st period - Deflect By Calle Jarnkrok.
10:47 of 1st period - Shot Misses the Net.
11:47 of 1st period - Shot by William Nylander.
11:47 of 1st period - Goal by William Nylander - Capitals : 0 - Flyers : 1.
11:48 of 1st period - Mika Zibanejad wins face-off versus Michael Rasmussen in neutral zone.
12:06 of 1st period - Quinton Byfield is hit by Alex Pietrangelo and loses puck.
12:09 of 1st period - Shot by Quinton Byfield.
12:09 of 1st period - Shot Blocked by Alex Pietrangelo.
12:11 of 1st period - Shot by Michael Rasmussen.
12:11 of 1st period - Deflect By Quinton Byfield.
12:11 of 1st period - Stopped by Sergei Bobrovsky without a rebound.
12:12 of 1st period - Sam Lafferty wins face-off versus Alex Nylander in Flyers zone.
12:25 of 1st period - Shot by Eetu Luostarinen.
12:25 of 1st period - Shot Misses the Net.
12:27 of 1st period - Shot by Eric Staal.
12:27 of 1st period - Shot Misses the Net.
12:29 of 1st period - Shot by Eetu Luostarinen.
12:29 of 1st period - Shot Blocked by Cody Ceci.
12:31 of 1st period - Shot by Sam Lafferty.
12:31 of 1st period - Shot Misses the Net.
13:07 of 1st period - Eric Staal is hit by Tyler Johnson and loses puck.
14:02 of 1st period - Shot by William Nylander.
14:02 of 1st period - Stopped by Pyotr Kochetkov with a rebound.
14:04 of 1st period - Shot by Alex Pietrangelo.
14:04 of 1st period - Deflect By Johnny Gaudreau.
14:04 of 1st period - Stopped by Pyotr Kochetkov without a rebound.
14:05 of 1st period - Jared McCann wins face-off versus Christian Fischer in Capitals zone.
14:13 of 1st period - Icing by Ben Hutton.
14:14 of 1st period - Robert Thomas wins face-off versus Michael Rasmussen in Capitals zone.
14:15 of 1st period - Shot by Jared McCann.
14:15 of 1st period - Stopped by Pyotr Kochetkov without a rebound.
14:16 of 1st period - Elias Pettersson wins face-off versus Jared McCann in Capitals zone.
14:54 of 1st period - Shot by Robert Thomas.
14:54 of 1st period - Shot Misses the Net.
15:44 of 1st period - Icing by Pavel Zacha.
15:45 of 1st period - Brandon Tanev wins face-off versus Pavel Zacha in Capitals zone.
15:45 of 1st period - Vince Dunn is hit by Ben Hutton and loses puck.
15:50 of 1st period - Shot by Brandon Tanev.
15:50 of 1st period - Shot Blocked by Calen Addison.
15:52 of 1st period - Shot by Brandon Tanev.
15:52 of 1st period - Stopped by Pyotr Kochetkov without a rebound.
15:53 of 1st period - Michael Rasmussen wins face-off versus Joel Farabee in Capitals zone.
15:53 of 1st period - Michael Rasmussen is hit by Brandon Tanev.
16:07 of 1st period - Vince Dunn is hit by Quinton Byfield and loses puck.
16:29 of 1st period - Aaron Ekblad is hit by Michael Rasmussen.
16:32 of 1st period - Joel Farabee is hit by Cody Ceci.
16:39 of 1st period - Brandon Tanev is hit by Cody Ceci and loses puck.
17:16 of 1st period - Elias Pettersson is hit by Aaron Ekblad and loses puck.
18:05 of 1st period - Shot by Mika Zibanejad.
18:05 of 1st period - Shot Misses the Net.
18:18 of 1st period - Shot by Mika Zibanejad.
18:18 of 1st period - Stopped by Pyotr Kochetkov with a rebound.
19:08 of 1st period - Shot by Jake DeBrusk.
19:08 of 1st period - Deflect By Jared McCann.
19:08 of 1st period - Stopped by Pyotr Kochetkov without a rebound.
19:09 of 1st period - Elias Pettersson wins face-off versus Eetu Luostarinen in Capitals zone.
19:09 of 1st period - Elias Pettersson is hit by Sam Lafferty.
19:15 of 1st period - Shot by Elias Pettersson.
19:15 of 1st period - Stopped by Sergei Bobrovsky with a rebound.
19:17 of 1st period - Shot by Jonas Siegenthaler.
19:17 of 1st period - Stopped by Sergei Bobrovsky without a rebound.
19:18 of 1st period - Elias Pettersson wins face-off versus Eetu Luostarinen in Flyers zone.
19:23 of 1st period - Shot by Morgan Frost.
19:23 of 1st period - Shot Misses the Net.
19:36 of 1st period - Shot by Alex Pietrangelo.
19:36 of 1st period - Stopped by Pyotr Kochetkov without a rebound.
19:37 of 1st period - Michael Rasmussen wins face-off versus Mika Zibanejad in Capitals zone.
19:46 of 1st period - Chris Tanev is hit by Michael Rasmussen and loses puck.
Goals for this period are 0 for Capitals vs 1 for Flyers.
Shots for this period are 12 for Capitals vs 13 for Flyers.

2nd period


0:01 of 2nd period - Elias Pettersson wins face-off versus Jake DeBrusk in neutral zone.
1:21 of 2nd period - Shot by Jordan Greenway.
1:21 of 2nd period - Stopped by Sergei Bobrovsky without a rebound.
1:22 of 2nd period - Eetu Luostarinen wins face-off versus Michael Rasmussen in Flyers zone.
1:22 of 2nd period - Eetu Luostarinen is hit by Quinton Byfield.
1:25 of 2nd period - Eric Staal is hit by Quinton Byfield and loses puck.
1:48 of 2nd period - Shot by Dante Fabbro.
1:48 of 2nd period - Stopped by Pyotr Kochetkov with a rebound.
1:50 of 2nd period - Shot by Dante Fabbro.
1:50 of 2nd period - Shot Misses the Net.
2:35 of 2nd period - Shot by Mika Zibanejad.
2:35 of 2nd period - Shot Blocked by Brad Hunt.
2:37 of 2nd period - Shot by Johnny Gaudreau.
2:37 of 2nd period - Stopped by Pyotr Kochetkov with a rebound.
2:43 of 2nd period - Shot by Mika Zibanejad.
2:43 of 2nd period - Shot Misses the Net.
2:45 of 2nd period - Shot by Johnny Gaudreau.
2:45 of 2nd period - Shot Blocked by Brad Hunt.
2:47 of 2nd period - Shot by Victor Hedman.
2:47 of 2nd period - Shot Misses the Net.
2:49 of 2nd period - Shot by Victor Hedman.
2:49 of 2nd period - Shot Blocked by Jonas Siegenthaler.
2:51 of 2nd period - Shot by William Nylander.
2:51 of 2nd period - Shot Misses the Net.
2:53 of 2nd period - Shot by Alex Pietrangelo.
2:53 of 2nd period - Shot Misses the Net.
2:55 of 2nd period - Shot by Mika Zibanejad.
2:55 of 2nd period - Stopped by Pyotr Kochetkov without a rebound.
2:56 of 2nd period - Robert Thomas wins face-off versus Elias Pettersson in Capitals zone.
3:13 of 2nd period - Shot by Kaapo Kakko.
3:13 of 2nd period - Shot Blocked by Vince Dunn.
3:30 of 2nd period - Shot by Jared McCann.
3:30 of 2nd period - Shot Misses the Net.
3:34 of 2nd period - Shot by Robert Thomas.
3:34 of 2nd period - Deflect By Jake DeBrusk.
3:34 of 2nd period - Shot Blocked by Cody Ceci.
3:49 of 2nd period - Icing by Noah Dobson.
3:50 of 2nd period - Elias Pettersson wins face-off versus Mika Zibanejad in Capitals zone.
3:55 of 2nd period - Shot by Johnny Gaudreau.
3:55 of 2nd period - Stopped by Pyotr Kochetkov without a rebound.
3:56 of 2nd period - Pavel Zacha wins face-off versus Mika Zibanejad in Capitals zone.
4:21 of 2nd period - Kevin Labanc is hit by Johnny Gaudreau and loses puck.
4:34 of 2nd period - Shot by Johnny Gaudreau.
4:34 of 2nd period - Stopped by Pyotr Kochetkov without a rebound.
4:35 of 2nd period - Michael Rasmussen wins face-off versus Jake DeBrusk in Capitals zone.
4:48 of 2nd period - Shot by Quinton Byfield.
4:48 of 2nd period - Stopped by Sergei Bobrovsky without a rebound.
4:49 of 2nd period - Elias Pettersson wins face-off versus Calle Jarnkrok in Flyers zone.
4:50 of 2nd period - Shot by Kaapo Kakko.
4:50 of 2nd period - Stopped by Sergei Bobrovsky with a rebound.
4:52 of 2nd period - Shot by Elias Pettersson.
4:52 of 2nd period - Goal by Elias Pettersson - Capitals : 1 - Flyers : 1.
4:53 of 2nd period - Robert Thomas wins face-off versus Elias Pettersson in neutral zone.
4:55 of 2nd period - Alex Pietrangelo is hit by Noah Dobson and loses puck.
5:55 of 2nd period - Shot by Mika Zibanejad.
5:55 of 2nd period - Shot Misses the Net.
5:57 of 2nd period - Shot by William Nylander.
5:57 of 2nd period - Stopped by Pyotr Kochetkov with a rebound.
5:59 of 2nd period - Shot by Johnny Gaudreau.
5:59 of 2nd period - Shot Misses the Net.
6:52 of 2nd period - Brandon Tanev is hit by Jordan Greenway and loses puck.
7:01 of 2nd period - Shot by Jordan Greenway.
7:01 of 2nd period - Deflect By Pavel Zacha.
7:01 of 2nd period - Shot Misses the Net.
7:06 of 2nd period - Icing by Dante Fabbro.
7:07 of 2nd period - Quinton Byfield wins face-off versus Calle Jarnkrok in Flyers zone.
7:18 of 2nd period - Shot by Calle Jarnkrok.
7:18 of 2nd period - Stopped by Pyotr Kochetkov without a rebound.
7:19 of 2nd period - David Kampf wins face-off versus Robert Thomas in Capitals zone.
7:19 of 2nd period - David Kampf is hit by Jake DeBrusk.
7:59 of 2nd period - Shot by Jared McCann.
7:59 of 2nd period - Goal by Jared McCann - Capitals : 1 - Flyers : 2.
8:00 of 2nd period - Pavel Zacha wins face-off versus Mika Zibanejad in neutral zone.
8:02 of 2nd period - Calen Addison is hit by Vince Dunn and loses puck.
8:17 of 2nd period - Mika Zibanejad is hit by Calen Addison and loses puck.
8:31 of 2nd period - Icing by Ben Hutton.
8:32 of 2nd period - Calle Jarnkrok wins face-off versus Pavel Zacha in Capitals zone.
10:05 of 2nd period - Icing by Victor Hedman.
10:06 of 2nd period - Michael Rasmussen wins face-off versus Robert Thomas in Flyers zone.
10:06 of 2nd period - Quinton Byfield is hit by Alex Pietrangelo.
10:18 of 2nd period - Shot by Quinton Byfield.
10:18 of 2nd period - Stopped by Sergei Bobrovsky without a rebound.
10:19 of 2nd period - David Kampf wins face-off versus Mika Zibanejad in Flyers zone.
10:19 of 2nd period - Brad Hunt is hit by Vince Dunn and loses puck.
12:37 of 2nd period - Shot by Michael Rasmussen.
12:37 of 2nd period - Shot Misses the Net.
12:39 of 2nd period - Shot by Quinton Byfield.
12:39 of 2nd period - Shot Misses the Net.
12:41 of 2nd period - Shot by Michael Rasmussen.
12:41 of 2nd period - Stopped by Sergei Bobrovsky without a rebound.
12:42 of 2nd period - Calle Jarnkrok wins face-off versus Pavel Zacha in Flyers zone.
13:00 of 2nd period - Icing by Aaron Ekblad.
13:01 of 2nd period - Calle Jarnkrok wins face-off versus David Kampf in Flyers zone.
13:18 of 2nd period - Shot by Calle Jarnkrok.
13:18 of 2nd period - Stopped by Pyotr Kochetkov without a rebound.
13:19 of 2nd period - Mika Zibanejad wins face-off versus Elias Pettersson in Capitals zone.
13:21 of 2nd period - Johnny Gaudreau is hit by Brad Hunt and loses puck.
13:42 of 2nd period - Shot by Morgan Frost.
13:42 of 2nd period - Shot Blocked by Johnny Gaudreau.
13:44 of 2nd period - Shot by Elias Pettersson.
13:44 of 2nd period - Stopped by Sergei Bobrovsky without a rebound.
13:45 of 2nd period - Robert Thomas wins face-off versus Pavel Zacha in Flyers zone.
13:45 of 2nd period - Robert Thomas is hit by Kevin Labanc.
15:08 of 2nd period - Shot by William Nylander.
15:08 of 2nd period - Stopped by Pyotr Kochetkov without a rebound.
15:09 of 2nd period - Elias Pettersson wins face-off versus Calle Jarnkrok in Capitals zone.
15:09 of 2nd period - Elias Pettersson is hit by Brandon Tanev.
15:23 of 2nd period - Off-side.
15:24 of 2nd period - Michael Rasmussen wins face-off versus Eetu Luostarinen in neutral zone.
16:18 of 2nd period - Minor Penalty to Christian Fischer for Cross-checking.
16:19 of 2nd period - Mika Zibanejad wins face-off versus Elias Pettersson in Capitals zone.
17:11 of 2nd period - Robert Thomas is hit by Jordan Greenway and loses puck.
18:54 of 2nd period - Shot by Eric Staal.
18:54 of 2nd period - Stopped by Pyotr Kochetkov without a rebound.
18:55 of 2nd period - Calle Jarnkrok wins face-off versus Jordan Greenway in Capitals zone.
Goals for this period are 1 for Capitals vs 1 for Flyers.
Shots for this period are 7 for Capitals vs 11 for Flyers.

3rd period


0:01 of 3rd period - Elias Pettersson wins face-off versus Mika Zibanejad in neutral zone.
0:58 of 3rd period - Shot by Robert Thomas.
0:58 of 3rd period - Shot Misses the Net.
1:06 of 3rd period - Shot by Robert Thomas.
1:06 of 3rd period - Shot Misses the Net.
1:08 of 3rd period - Shot by Jared McCann.
1:08 of 3rd period - Stopped by Pyotr Kochetkov with a rebound.
1:10 of 3rd period - Shot by Aaron Ekblad.
1:10 of 3rd period - Stopped by Pyotr Kochetkov with a rebound.
1:12 of 3rd period - Shot by Robert Thomas.
1:12 of 3rd period - Shot Hit the Post.
1:14 of 3rd period - Shot by Aaron Ekblad.
1:14 of 3rd period - Shot Blocked by Noah Dobson.
1:16 of 3rd period - Shot by Vince Dunn.
1:16 of 3rd period - Stopped by Pyotr Kochetkov without a rebound.
1:17 of 3rd period - Pavel Zacha wins face-off versus Calle Jarnkrok in Capitals zone.
1:46 of 3rd period - Shot by Pavel Zacha.
1:46 of 3rd period - Shot Misses the Net.
2:42 of 3rd period - Shot by Robert Thomas.
2:42 of 3rd period - Shot Misses the Net.
2:44 of 3rd period - Shot by Vince Dunn.
2:44 of 3rd period - Shot Misses the Net.
2:59 of 3rd period - Icing by Calen Addison.
3:00 of 3rd period - Mika Zibanejad wins face-off versus Christian Fischer in Capitals zone.
3:03 of 3rd period - Shot by Johnny Gaudreau.
3:03 of 3rd period - Shot Misses the Net.
3:05 of 3rd period - Shot by Alex Pietrangelo.
3:05 of 3rd period - Stopped by Pyotr Kochetkov with a rebound.
3:24 of 3rd period - Shot by Mika Zibanejad.
3:24 of 3rd period - Shot Misses the Net.
3:26 of 3rd period - Shot by Victor Hedman.
3:26 of 3rd period - Stopped by Pyotr Kochetkov without a rebound.
3:27 of 3rd period - Elias Pettersson wins face-off versus Calle Jarnkrok in Capitals zone.
3:31 of 3rd period - Off-side.
3:32 of 3rd period - Elias Pettersson wins face-off versus Calle Jarnkrok in neutral zone.
3:35 of 3rd period - Calle Jarnkrok is hit by Elias Pettersson.
3:39 of 3rd period - Elias Pettersson is hit by Brandon Tanev and loses puck.
3:49 of 3rd period - Off-side.
3:50 of 3rd period - Pavel Zacha wins face-off versus Mika Zibanejad in neutral zone.
3:56 of 3rd period - Icing by Mika Zibanejad.
3:57 of 3rd period - Mika Zibanejad wins face-off versus Elias Pettersson in Flyers zone.
4:10 of 3rd period - Shot by William Nylander.
4:10 of 3rd period - Deflect By Mika Zibanejad.
4:10 of 3rd period - Stopped by Pyotr Kochetkov without a rebound.
4:11 of 3rd period - Robert Thomas wins face-off versus Pavel Zacha in Capitals zone.
4:12 of 3rd period - Shot by Vince Dunn.
4:12 of 3rd period - Shot Misses the Net.
4:22 of 3rd period - Shot by Robert Thomas.
4:22 of 3rd period - Stopped by Pyotr Kochetkov without a rebound.
4:23 of 3rd period - Mika Zibanejad wins face-off versus Kaapo Kakko in Capitals zone.
4:26 of 3rd period - Shot by Johnny Gaudreau.
4:26 of 3rd period - Stopped by Pyotr Kochetkov without a rebound.
4:27 of 3rd period - Mika Zibanejad wins face-off versus Elias Pettersson in Capitals zone.
5:13 of 3rd period - Icing by Cody Ceci.
5:14 of 3rd period - Robert Thomas wins face-off versus Elias Pettersson in Capitals zone.
5:25 of 3rd period - Shot by Robert Thomas.
5:25 of 3rd period - Shot Misses the Net.
5:27 of 3rd period - Shot by Jake DeBrusk.
5:27 of 3rd period - Shot Misses the Net.
5:29 of 3rd period - Shot by Vince Dunn.
5:29 of 3rd period - Shot Blocked by Elias Pettersson.
5:54 of 3rd period - Icing by Vince Dunn.
5:55 of 3rd period - Quinton Byfield wins face-off versus Robert Thomas in Flyers zone.
6:13 of 3rd period - Minor Penalty to Michael Rasmussen for Close Hand On Puck.
6:14 of 3rd period - Mika Zibanejad wins face-off versus Elias Pettersson in Capitals zone.
6:25 of 3rd period - Shot by William Nylander.
6:25 of 3rd period - Stopped by Pyotr Kochetkov without a rebound.
6:26 of 3rd period - Elias Pettersson wins face-off versus Mika Zibanejad in Capitals zone.
6:32 of 3rd period - Icing by Victor Hedman.
6:33 of 3rd period - Mika Zibanejad wins face-off versus Elias Pettersson in Flyers zone.
7:06 of 3rd period - Shot by Johnny Gaudreau.
7:06 of 3rd period - Shot Misses the Net.
8:24 of 3rd period - Shot by Eetu Luostarinen.
8:24 of 3rd period - Stopped by Pyotr Kochetkov without a rebound.
8:25 of 3rd period - Pavel Zacha wins face-off versus Eetu Luostarinen in Capitals zone.
8:32 of 3rd period - Shot by Eetu Luostarinen.
8:32 of 3rd period - Stopped by Pyotr Kochetkov without a rebound.
8:33 of 3rd period - Mika Zibanejad wins face-off versus Pavel Zacha in Capitals zone.
8:53 of 3rd period - Minor Penalty to William Nylander for Holding Stick.
8:54 of 3rd period - Eric Staal wins face-off versus Elias Pettersson in Flyers zone.
9:25 of 3rd period - Shot by Noah Dobson.
9:25 of 3rd period - Stopped by Sergei Bobrovsky without a rebound.
9:26 of 3rd period - Eric Staal wins face-off versus Pavel Zacha in Flyers zone.
9:26 of 3rd period - Eric Staal is hit by Kevin Labanc.
10:02 of 3rd period - Off-side.
10:03 of 3rd period - Eric Staal wins face-off versus Elias Pettersson in neutral zone.
10:26 of 3rd period - Shot by David Kampf.
10:26 of 3rd period - Shot Misses the Net.
11:02 of 3rd period - Shot by Jared McCann.
11:02 of 3rd period - Deflect By Robert Thomas.
11:02 of 3rd period - Shot Misses the Net.
11:09 of 3rd period - Icing by Calen Addison.
11:10 of 3rd period - Michael Rasmussen wins face-off versus William Nylander in Capitals zone.
11:14 of 3rd period - Calen Addison is hit by Vince Dunn and loses puck.
12:13 of 3rd period - Icing by Victor Hedman.
12:14 of 3rd period - Robert Thomas wins face-off versus Pavel Zacha in Flyers zone.
12:31 of 3rd period - Icing by Alex Pietrangelo.
12:32 of 3rd period - Elias Pettersson wins face-off versus Robert Thomas in Flyers zone.
13:47 of 3rd period - Shot by William Nylander.
13:47 of 3rd period - Stopped by Pyotr Kochetkov with a rebound.
14:20 of 3rd period - Shot by Cody Ceci.
14:20 of 3rd period - Shot Misses the Net.
14:30 of 3rd period - David Kampf is hit by Brandon Tanev and loses puck.
14:45 of 3rd period - Shot by Alex Nylander.
14:45 of 3rd period - Shot Misses the Net.
14:47 of 3rd period - Shot by David Kampf.
14:47 of 3rd period - Shot Misses the Net.
14:52 of 3rd period - Icing by Chris Tanev.
14:53 of 3rd period - Michael Rasmussen wins face-off versus Calle Jarnkrok in Flyers zone.
15:21 of 3rd period - Shot by Michael Rasmussen.
15:21 of 3rd period - Stopped by Sergei Bobrovsky without a rebound.
15:22 of 3rd period - Robert Thomas wins face-off versus Elias Pettersson in Flyers zone.
16:30 of 3rd period - Shot by Pavel Zacha.
16:30 of 3rd period - Stopped by Sergei Bobrovsky without a rebound.
16:31 of 3rd period - David Kampf wins face-off versus Johnny Gaudreau in Flyers zone.
16:36 of 3rd period - Shot by Alex Nylander.
16:36 of 3rd period - Stopped by Sergei Bobrovsky without a rebound.
16:37 of 3rd period - Pavel Zacha wins face-off versus Mika Zibanejad in Flyers zone.
16:51 of 3rd period - Off-side.
16:52 of 3rd period - Calle Jarnkrok wins face-off versus Elias Pettersson in neutral zone.
17:05 of 3rd period - Shot by Noah Dobson.
17:05 of 3rd period - Shot Misses the Net.
17:07 of 3rd period - Shot by Elias Pettersson.
17:07 of 3rd period - Stopped by Sergei Bobrovsky with a rebound.
17:09 of 3rd period - Shot by Morgan Frost.
17:09 of 3rd period - Stopped by Sergei Bobrovsky without a rebound.
17:10 of 3rd period - Mika Zibanejad wins face-off versus Pavel Zacha in Flyers zone.
17:28 of 3rd period - William Nylander is hit by Jonas Siegenthaler and loses puck.
18:49 of 3rd period - Shot by Robert Thomas.
18:49 of 3rd period - Shot Misses the Net.
19:16 of 3rd period - Victor Hedman is hit by Quinton Byfield and loses puck.
19:17 of 3rd period - Victor Hedman from Flyers is injured at 19:17 of 3rd period (Sports Hernia).
19:18 of 3rd period - Mika Zibanejad wins face-off versus Elias Pettersson in Flyers zone.
19:23 of 3rd period - Capitals, Pyotr Kochetkov is pulled from the net.
19:28 of 3rd period - Elias Pettersson is hit by Alex Pietrangelo and loses puck.
19:37 of 3rd period - Shot by Elias Pettersson.
19:37 of 3rd period - Shot Misses the Net.
19:39 of 3rd period - Shot by Cody Ceci.
19:39 of 3rd period - Shot Misses the Net.
19:41 of 3rd period - Shot by Cody Ceci.
19:41 of 3rd period - Deflect By Kaapo Kakko.
19:41 of 3rd period - Shot Blocked by Alex Pietrangelo.
19:43 of 3rd period - Shot by Elias Pettersson.
19:43 of 3rd period - Goal by Elias Pettersson - Capitals : 2 - Flyers : 2.
19:43 of 3rd period - Pyotr Kochetkov from Capitals was sent back in the game.
19:44 of 3rd period - Pavel Zacha wins face-off versus Calle Jarnkrok in neutral zone.
Goals for this period are 1 for Capitals vs 0 for Flyers.
Shots for this period are 7 for Capitals vs 12 for Flyers.

Overtime #1


0:01 of 1st overtime period - Mika Zibanejad wins face-off versus Pavel Zacha in neutral zone.
0:10 of 1st overtime period - Shot by Mika Zibanejad.
0:10 of 1st overtime period - Stopped by Pyotr Kochetkov without a rebound.
0:11 of 1st overtime period - Pavel Zacha wins face-off versus Mika Zibanejad in Capitals zone.
0:24 of 1st overtime period - Shot by Elias Pettersson.
0:24 of 1st overtime period - Deflect By Pavel Zacha.
0:24 of 1st overtime period - Stopped by Sergei Bobrovsky without a rebound.
0:25 of 1st overtime period - Mika Zibanejad wins face-off versus Pavel Zacha in Flyers zone.
1:33 of 1st overtime period - Shot by Michael Rasmussen.
1:33 of 1st overtime period - Stopped by Sergei Bobrovsky without a rebound.
1:34 of 1st overtime period - Jared McCann wins face-off versus Michael Rasmussen in Flyers zone.
1:55 of 1st overtime period - Shot by Johnny Gaudreau.
1:55 of 1st overtime period - Shot Misses the Net.
2:09 of 1st overtime period - Shot by Michael Rasmussen.
2:09 of 1st overtime period - Deflect By Kaapo Kakko.
2:09 of 1st overtime period - Shot Misses the Net.
2:24 of 1st overtime period - Icing by Aaron Ekblad.
2:25 of 1st overtime period - Pavel Zacha wins face-off versus Jared McCann in Flyers zone.
2:25 of 1st overtime period - Elias Pettersson is hit by Aaron Ekblad and loses puck.
3:14 of 1st overtime period - Shot by Alex Pietrangelo.
3:14 of 1st overtime period - Stopped by Pyotr Kochetkov without a rebound.
3:15 of 1st overtime period - Michael Rasmussen wins face-off versus Robert Thomas in Capitals zone.
4:55 of 1st overtime period - Shot by Cody Ceci.
4:55 of 1st overtime period - Shot Blocked by Alex Pietrangelo.
4:57 of 1st overtime period - Shot by Quinton Byfield.
4:57 of 1st overtime period - Shot Blocked by Alex Pietrangelo.
4:59 of 1st overtime period - Shot by David Kampf.
4:59 of 1st overtime period - Stopped by Sergei Bobrovsky with a rebound.
Goals for this period are 0 for Capitals vs 0 for Flyers.
Shots for this period are 3 for Capitals vs 2 for Flyers.

ShootOut


5:00 of 1st overtime period - Round #1.
5:00 of 1st overtime period - Capitals, Elias Pettersson.
5:00 of 1st overtime period - Stopped by Sergei Bobrovsky.
5:00 of 1st overtime period - Flyers, Johnny Gaudreau.
5:00 of 1st overtime period - Goal by Johnny Gaudreau.
5:00 of 1st overtime period - Round #2.
5:00 of 1st overtime period - Capitals, Pavel Zacha.
5:00 of 1st overtime period - Stopped by Sergei Bobrovsky.
5:00 of 1st overtime period - Flyers, Mika Zibanejad.
5:00 of 1st overtime period - Stopped by Pyotr Kochetkov.
5:00 of 1st overtime period - Round #3.
5:00 of 1st overtime period - Capitals, Michael Rasmussen.
5:00 of 1st overtime period - Stopped by Sergei Bobrovsky.